 Dungeon Crawl Stone Soup version 0.28.0 (webtiles) character file.

Game seed: 9254036656118737899

127 trckry the Conjurer (level 4, 0/33 HPs)
             Began as a Draconian Conjurer on Feb 8, 2022.
             Was a Follower of Ru.
             Succumbed to an adder's poison
             ... on level 4 of the Dungeon.
             The game lasted 00:08:21 (3239 turns).

trckry the Conjurer (Draconian Conjurer)            Turns: 3239, Time: 00:08:21

Health: 0/33       AC:  6    Str:  9    XL:     4   Next: 85%
Magic:  2/7        EV: 12    Int: 21    God:    Ru [*.....]
Gold:   148        SH:  0    Dex:  9    Spells: 2/8 levels left

rFire   . . .      SeeInvis .   c - +0 fustibalus
rCold   . . .      Faith    .   (no shield)
rNeg    . . .      Spirit   .   (armour unavailable)
rPois   .          Reflect  .   (helmet restricted)
rElec   .          Harm     .   (no cloak)
rCorr   .          Rampage  .   (no gloves)
Will    .....                   f - +0 pair of boots
Stlth   ++........              (no amulet)
HPRegen 0.11/turn               (no ring)
MPRegen 0.10/turn               (no ring)

@: lethally poisoned (0 -> -5)
A: AC +5, unfitting armour, cold-blooded, unskilled 1
a: Renounce Religion


You were on level 4 of the Dungeon.
You worshipped Ru.
Ru was aware of your devotion.
You visited 1 branch of the dungeon, and saw 4 of its levels.

You collected 148 gold pieces.

Inventory:

Hand Weapons
 c - a +0 fustibalus (weapon)
Missiles
 d - 117 stones (quivered ammo)
Armour
 f - a +0 pair of boots (worn)
Scrolls
 a - a scroll of fear {unknown}
 b - 4 scrolls of teleportation {unknown}
 e - 2 scrolls of blinking {unknown}
 g - a scroll of torment {unknown}
 n - a scroll of magic mapping {unknown}
 o - a scroll of enchant armour {unknown}
 p - a scroll of identify {unknown}
Potions
 h - a potion of magic {unknown}
 i - 2 potions of mutation {unknown}
 j - 2 potions of curing {unknown}
 k - 2 potions of lignification {unknown}
 l - 2 potions of berserk rage {unknown}
 m - 2 potions of cancellation {unknown}
 q - 2 potions of heal wounds {unknown}


   Skills:
 - Level 2.0 Dodging
 - Level 2.0 Stealth
 + Level 2.6 Spellcasting
 * Level 4.9 Conjurations


You had 2 spell levels left.
You knew the following spells:

 Your Spells              Type           Power      Damage    Failure   Level
a - Magic Dart            Conj           92%        1d7       1%          1
b - Searing Ray           Conj           46%        2d6       2%          2
c - Dazzling Flash        Conj/Hex       26%        N/A       16%         3

Your spell library contained the following spells:

 Spells                   Type           Power      Damage    Failure   Level
 Foxfire                  Conj/Fire      52%        2x1d6     4%          1
 Conjure Flame            Conj/Fire      13%        6-21      16%         3
 Inner Flame              Hex/Fire       2%         N/A       38%         3
 Flame Wave               Conj/Fire      13%        2d6       45%         4
 Fulminant Prism          Conj/Hex       6%         3d7       45%         4
 Iskenderun's Mystic Bla  Conj/Tloc      13%        2d5       45%         4


Dungeon Overview and Level Annotations

Branches:
Dungeon (4/15)
 Temple: D:4-7

Altars:
Ru
Yredelemnul
The Shining One

Shops:
D:1 :([:=   D:2 *


Innate Abilities, Weirdness & Mutations

Your plain brown scales are hard. (AC +5)
You cannot fit into any form of body armour.
You are cold-blooded and may be slowed by cold attacks.
You are somewhat unskilled. (-1 Apt)


Message History

The hound bites you. The hound bites you but does no damage.
The hound closely misses you. The hound bites you. The hound misses you.
There is a stone staircase leading up here.
Casting: Searing Ray (safe; 2% risk of failure)
Confirm with . or Enter, or press ? or * to list all spells.
Aiming: Searing Ray (safe; 2% risk of failure)
Press: ? - help, Shift-Dir - straight line, f/p - hound
Aim: a hound (moderately wounded, 69% to hit)
The searing ray hits the hound.
The hound is severely wounded. (Press . to maintain the ray.)
The hound closely misses you.
The orc wizard gestures at you while chanting.
The puff of flame hits you!
* * * LOW HITPOINT WARNING * * *
The hound barely misses you. The hound bites you but does no damage.
The orc wizard enters a dispersal trap!
The hound blinks!
You blink.
You stop ascending the stairs.
The orc wizard blinks!
You aren't carrying any items that you can evoke.
As you open the door, it creaks loudly! 2 adders come into view.
The adder hisses angrily. x2
The hound barely misses you.
The adder moves out of view.
Found a rapier.
Found a plate armour and 6 poisoned darts.
The hound misses you.
There is an open door here.
The adder barely misses you. The hound bites you but does no damage.
Found an escape hatch in the floor.
The adder bites you.
* * * LOW HITPOINT WARNING * * *
You are lethally poisoned!
The adder poisons you!
* * * LOW HITPOINT WARNING * * *
You feel sick. The hound bites you but does no damage.
You die...

#....†<.# #.....####
#.......# #........#
##.......####........+
......o.....'.....)..#
...^.....####........#
.........# #.o......#
..######.# #[.hSS...#
.........# ####.#+###
.....).(.#######@#
#.......)..!(....#
###+#.....#####.># #
#.#.#.# #... #
.(.#'#.?. ##.. #
####.. ...# #### # .
..... .. ....## ..
(.(##


You could see a hound, 2 adders and an orc.

Vanquished Creatures
  An orc wizard (D:3)
  2 adders
  An adder skeleton (D:4)
  2 dart slugs (D:3)
  6 orcs
  4 bats
  9 endoplasms
  3 giant cockroaches (D:1)
  4 goblins
  8 hobgoblins
  6 jackals (D:2)
  3 quokkas
  5 ball pythons
  4 frilled lizards
  3 kobolds
  3 rats
64 creatures vanquished.

Vanquished Creatures (others)
  An orc (D:3)
  A plant (D:2)
2 creatures vanquished.

Grand Total: 66 creatures vanquished

Notes
Turn   | Place    | Note
-------+----------+-------------------------------------------
     0 | D:1      | trckry the Draconian Conjurer began the quest for the Orb.
     0 | D:1      | Reached XP level 1. HP: 14/14 MP: 3/3
    26 | D:1      | Found Vob Kyt's Book Boutique.
    71 | D:1      | Found Zizxet's Antique Weapon Shoppe.
   216 | D:1      | Reached XP level 2. HP: 20/20 MP: 5/5
   243 | D:1      | Found Saymighe's Book Emporium.
   603 | D:1      | Found a faded altar of an unknown god.
   655 | D:1      | Prayed at the altar of an unknown god.
   655 | D:1      | Became a worshipper of Ru the Awakened
   660 | D:1      | Gained mutation: You are somewhat unskilled. (-1 Apt) [Ru
                  | sacrifice]
   660 | D:1      | Reduced skill Dodging to level 1
   660 | D:1      | Reduced skill Stealth to level 1
   660 | D:1      | Reached * piety under Ru
   727 | D:1      | Found Ilid's Jewellery Shoppe.
   768 | D:1      | Reached XP level 3. HP: 25/26 MP: 6/6
   812 | D:1      | Found Horibri's Antique Armour Boutique.
  1011 | D:1      | Learned a level 2 spell: Searing Ray
  1015 | D:1      | Learned a level 3 spell: Dazzling Flash
  1062 | D:2      | Found a basalt altar of Yredelemnul.
  1697 | D:2      | Found Waif's Assorted Antiques.
  1825 | D:3      | Reached XP level 4. HP: 33/33 MP: 7/7
  2667 | D:4      | Found a glowing golden altar of the Shining One.
  3237 | D:4      | HP: 3/33 [adder (3)]
  3238 | D:4      | HP: 1/33 [poisoned by an adder]
  3239 | D:4      | Succumbed to an adder's poison

Illustrated notes

Levels and vault maps discovered:
D:1:      dpeg_arrival_solitude, layout_loops_ring,
          ebering_ecumenical_altar_box, serial_shops, shop_fountains, shop,
          nicolae_shop_stone, shop, nicolae_shop_competitors_out_of_business
D:2:      layout_rooms, serial_shops, nicolae_shop_overgrown_old_shop,
          basic_altar, serial_bayou_ford_a
D:3:      layout_basic
D:4:      layout_basic, nicolae_tso_carved_into_rock

Skill      XL: |  1  2  3 |
---------------+----------+-----
Stealth        | 2 1 2 |  2.0
Dodging        | 1 2 |  2.0
Spellcasting   | |  2.6
Conjurations   | |  4.9

Action                   |  1- 3 |  4- 6 || total
-------------------------+-------+-------++-------
Melee: Fustibalus        |       |     1 ||     1
 Fire: Fustibalus        |   145 |    52 ||   197
 Cast: Magic Dart        |     2 |       ||     2
       Searing Ray       |     2 |     7 ||     9
Invok: Sacrifice Skill   |     1 |       ||     1
Armor: Skin              |    31 |    17 ||    48
Dodge: Dodged            |    54 |    36 ||    90
